 Dungeon Crawl Stone Soup version 0.25-a0-774-g40ae2d4f90 (webtiles) character file.

Game seed: 14995112969768812191, levelgen mode: deterministic

13 Maedhros the Charlatan (level 2, 0/18 HPs)
             Began as an Octopode Artificer on Apr 13, 2020.
             Slain by a leopard gecko (4 damage)
             ... on level 1 of the Dungeon.
             The game lasted 00:00:14 (50 turns).

Maedhros the Charlatan (Octopode Artificer)           Turns: 50, Time: 00:00:15

Health: 0/18       AC:  1    Str: 11    XL:     2   Next: 37%
Magic:  4/4        EV: 13    Int: 13    God:
Gold:   13         SH:  0    Dex: 12    Spells: 1/1 levels left

rFire    . . .     SeeInvis .   a - +0 short sword
rCold    . . .     Gourm    .   (no shield)
rNeg     . . .     Faith    .   (helmet restricted)
rPois    .         Spirit   .   (no amulet)
rElec    .         Reflect  .   (no ring)
rCorr    .         Harm     .   (no ring)
MR       .....                  (no ring)
Stlth    +++.......             (no ring)
HPRegen  0.06/turn              (no ring)
MPRegen  0.09/turn              (no ring)
                                (no ring)
                                (no ring)

@: no status effects
A: almost no armour, stealthy swim, amphibious, 8 rings, constrict 8, camouflage
1, gelatinous body 1
a: no special abilities


You were on level 1 of the Dungeon.
You were not hungry.

You visited 1 branch of the dungeon, and saw 1 of its levels.

You collected 13 gold pieces.

Inventory:

Hand Weapons
 a - a +0 short sword (weapon)
Wands
 b - a wand of flame (13)
 c - a wand of enslavement (15)
 d - a wand of random effects (15)
Comestibles
 f - a ration


   Skills:
 - Level 1.0 Fighting
 - Level 1.0 Short Blades
 - Level 2.0 Dodging
 + Level 2.6 Stealth
 + Level 1.2 Unarmed Combat
 - Level 3.2 Evocations


You had one spell level left.
You didn't know any spells.
Your spell library was empty.

Dungeon Overview and Level Annotations

Branches:
Dungeon (1/15)

Altars:


Innate Abilities, Weirdness & Mutations

You cannot wear most types of armour.
You are very stealthy in the water. (Stealth+)
You are amphibious.
You can wear up to eight rings at the same time.
You can use your tentacles to constrict eight enemies at once.
Your skin changes colour to match your surroundings (Stealth+).
Your rubbery body absorbs attacks. (AC +1, EV +1)


Message History

The frilled lizard closely misses you.
You hit the kobold.
You kill the kobold!
The bat closely misses you.
You barely miss the bat. You grab the bat. You constrict the bat.
The bat barely misses you. The bat hits you.
You hit the bat but do no damage.
The bat is moderately wounded.
You constrict the bat.
You kill the bat!
A rat comes into view.
You hit the leopard gecko. Your grab misses the leopard gecko.
The leopard gecko is heavily wounded.
You hit the frilled lizard.
You kill the frilled lizard!
The leopard gecko bites you.
* * * LOW HITPOINT WARNING * * *
The leopard gecko hisses menacingly.
The leopard gecko bites you.
You die...

.. .s. #.○.....# ...
#..#### ####### ....
#.##..## #≈.≈#
....##r#....## ##'##
!.....#§§..####...### .
....§§§..#8#.....#. ..
##.'§#§.'.'..<>.'. ...
#..§§§§.#8#.....#. ....
#@l#....####...###
.....##)#....## ##'##
.....b).##..## #≈.≈#
.>....#..##### #######
......###....##.......#
....# #†##.#.........
...# #.# #......... .##
... ##.......# .l#
#########


You could see a leopard gecko and a rat.

Vanquished Creatures
  A gnoll (D:1)
  A bat (D:1)
  A frilled lizard (D:1)
  A kobold (D:1)
  2 rats (D:1)
6 creatures vanquished.

Notes
Turn   | Place    | Note
-------+----------+-------------------------------------------
     0 | D:1      | Maedhros the Octopode Artificer began the quest for the
                  | Orb.
     0 | D:1      | Reached XP level 1. HP: 13/13 MP: 3/3
    38 | D:1      | Reached skill level 1 in Unarmed Combat
    38 | D:1      | Reached XP level 2. HP: 7/18 MP: 4/4
    50 | D:1      | Slain by a leopard gecko

Levels and vault maps discovered:
D:1:      shiori_arrival_elements, layout_rooms

Skill      XL: |  1 |
---------------+----+-----
Stealth        | 2 |  2.6
Unarmed Combat | 1 |  1.2
Fighting       | |  1.0
Short Blades   | |  1.0
Dodging        | |  2.0
Evocations     | |  3.2

Action                   || total
-------------------------++-------
Melee: Short sword       ||    11
       Constrict         ||     2
Evoke: Wand              ||     2
Armor: Skin              ||     1
Dodge: Dodged            ||     9

Table legend:
 A = Non-vault XP
 B = Vault XP
 C = Vault XP percentage of total XP
 D = Non-vault monster count
 E = Vault monster count
 F = Vault count percentage of total count
                 A         B        C        D         E       F
            +---------+---------+-------+---------+---------+-------
      Total |      19 |       0 |   0.0 |       6 |       0 |   0.0
            +---------+---------+-------+---------+---------+-------
        D:1 |      19 |       0 |   0.0 |       6 |       0 |   0.0
            +---------+---------+-------+---------+---------+-------
